 Dungeon Crawl Stone Soup version 0.30-a0-358-g0d69a1922f (webtiles) character file.

Game seed: 12826851650580806745

265 Essalna the Ruffian (level 5, -3/45 HPs)
             Began as a Draconian Transmuter on Nov 10, 2022.
             Killed by divine providence
             ... invoked by an orc priest
              (16 damage)
             ... on level 3 of the Dungeon.
             The game lasted 00:05:26 (2694 turns).

Essalna the Ruffian (Draconian Transmuter)          Turns: 2694, Time: 00:05:27

Health: -3/45      AC:  5    Str: 15    XL:     5   Next: 99%
Magic:  7/8        EV: 12    Int: 13    God:
Gold:   161        SH:  0    Dex: 11    Spells: 3/8 levels left

rFire   . . .      SeeInvis .      - Unarmed
rCold   . . .      Faith    .    (no shield)
rNeg    . . .      Spirit   .    (body armour unavailable)
rPois   .          Reflect  .    (helmet currently unavailable)
rElec   .          Harm     .    (no cloak)
rCorr   .          Rampage  .    (no gloves)
Will    .....                    (boots currently unavailable)
Stlth   +.........               (no amulet)
HPRegen 0.27/turn                (no ring)
MPRegen 0.11/turn                (no ring)

@: appendages
A: horns 2, talons 2, AC +5, unfitting armour, cold-blooded
a: End Transformation


You were on level 3 of the Dungeon.
You had temporarily grown beastly horns and talons.
You visited 1 branch of the dungeon, and saw 3 of its levels.

You collected 161 gold pieces.

Inventory:

Jewellery
 k - a ring of ice
Wands
 g - a wand of charming (5)
 m - a wand of iceblast (4)
Scrolls
 c - a scroll of identify
 h - a scroll of summoning {unknown}
 i - a scroll of enchant weapon {unknown}
 j - a scroll of torment {unknown}
Potions
 a - 2 potions of lignification
 b - a potion of curing
 d - 2 potions of brilliance
 f - a potion of degeneration {unknown}
 l - 2 potions of haste {unknown}


   Skills:
 - Level 3.3 Fighting
 - Level 1.7 Dodging
 - Level 4.2 Unarmed Combat
 - Level 2.0 Spellcasting
 + Level 3.9 Transmutations
 + Level 2.2 Ice Magic


You had 3 spell levels left.
You knew the following spells:

 Your Spells              Type           Power      Damage    Failure   Level
a - Beastly Appendage     Tmut           22%        N/A       4%          1
b - Ice Form              Ice/Tmut       9%         N/A       58%         4

Your spell library contained the following spells:

 Spells                   Type           Power      Damage    Failure   Level
 Wereblood                Tmut           11%        N/A       8%          2
 Spider Form              Tmut/Pois      6%         N/A       34%         3


Dungeon Overview and Level Annotations

Branches:
Dungeon (3/15)

Altars:

Annotations:
D:3 Sigmund


Innate Abilities, Weirdness & Mutations

You have temporarily grown beastly horns and talons.
Your plain brown scales are hard. (AC +5)
You cannot fit into any form of body armour.
You are cold-blooded and may be slowed by cold attacks.


Message History

An orc comes into view. It is wielding a +0 short sword.
The orc shouts!
You bump into the rock wall.
You feel less confused.
You hit the orc but do no damage. The orc hits you but does no damage.
You hit the orc.
You tail-slap the orc, but do no damage.
The orc is heavily wounded.
The orc closely misses you.
You punch the orc!
You kill the orc!
Things that are here:
a +0 short sword; a +0 leather armour; an orc corpse
There are monsters nearby!
The orc priest looks braver for a moment.
Things that are here:
a +0 dagger; a +3 leather armour of positive energy; the goblin skeleton of Ijyb An orc priest is nearby!
You grow a pair of large bovine horns.
Your feet morph into talons.
You hit the orc priest. Your headbutt misses the orc priest.
The orc priest is moderately wounded.
The orc priest mumbles some strange prayers to Beogh against you.
Beogh smites you!
You are too injured to fight recklessly!
You are too injured to fight recklessly!
You are too injured to fight recklessly!
You are too injured to fight recklessly!
You hit the orc priest. Your kick misses the orc priest.
The orc priest is heavily wounded.
The orc priest closely misses you.
The orc priest mumbles some strange prayers to Beogh against you.
Beogh smites you!
* * * LOW HITPOINT WARNING * * *
You hit the orc priest.
You headbutt the orc priest, but do no damage.
You punch the orc priest.
The orc priest is almost dead.
The orc priest calls down the wrath of Beogh upon you.
Beogh smites you!
You die...

....##.# #... ....o..###### #.##
.......#....# #+ #######.#.
.......#.##.# #. #.......##
..........o.########.# #.......#.
..........÷o..)...##..##.......##
....)..##.#######o# #......##.##.
.......##.# #####o# ##.....##.##.
###.##....###...@.# #.....#..##.
###.##.##...#.#.### #.####..####
..#.##.##...#....# #.# #..####.
#.#.##......#.##.# #.##......##
....#####...#....# #..#......#.
...## ##'#####.# ##......<.##
...# #.......# ####>.########
#### ######### #.....##### #
#.......# #.........#


You could see 2 orc priests.

Vanquished Creatures
  A phantom (D:3)
  Ijyb (D:3)
  Terence (D:2)
  Robin (D:3)
  6 adders
  4 dart slugs
  A worm (D:2)
  3 orcs (D:3)
  5 bats
  2 endoplasms
  4 giant cockroaches
  17 goblins
  7 hobgoblins
  3 quokkas
  2 ball pythons
  6 frilled lizards
  A kobold (D:3)
  3 rats
68 creatures vanquished.

Notes
Turn   | Place    | Note
-------+----------+-------------------------------------------
     0 | D:1      | Essalna the Draconian Transmuter began the quest for the
                  | Orb.
     0 | D:1      | Reached XP level 1. HP: 16/16 MP: 3/3
   265 | D:1      | Reached XP level 2. HP: 23/23 MP: 3/5
   943 | D:2      | Reached XP level 3. HP: 25/29 MP: 4/6
   974 | D:2      | Noticed Terence
  1000 | D:2      | Killed Terence
  1001 | D:2      | Reached XP level 4. HP: 20/37 MP: 5/7
  1007 | D:2      | Learned a level 4 spell: Ice Form
  1134 | D:2      | Noticed Robin
  1209 | D:3      | Killed Robin
  1642 | D:2      | Reached skill level 4 in Unarmed Combat
  1805 | D:3      | Noticed a phantom
  1818 | D:3      | Killed a phantom
  1819 | D:3      | Reached skill level 1 in Ice Magic
  1819 | D:3      | Reached XP level 5. HP: 27/45 MP: 8/8
  2371 | D:3      | Noticed Ijyb
  2390 | D:3      | Killed Ijyb
  2631 | D:3      | Noticed Sigmund
  2694 | D:3      | Killed from afar by an orc priest

Illustrated notes

Levels and vault maps discovered:
D:1:      sevenhm_arrival_forest_fort_large_2, layout_loops_ring
D:2:      layout_basic, uniq_robin, uniq_terence
D:3:      layout_basic, minmay_misc_feat_alley, uniq_ijyb, uniq_sigmund

Skill      XL: |  1  2  3  4  5 |
---------------+----------------+-----
Fighting       | 2 3 |  3.3
Transmutations | 3 |  3.9
Unarmed Combat | 4 |  4.2
Ice Magic      | 1 2 |  2.2
Dodging        | |  1.7
Spellcasting   | |  2.0

Action                   |  1- 3 |  4- 6 || total
-------------------------+-------+-------++-------
Melee: Unarmed           |    78 |   120 ||   198
       Kick              |    15 |    30 ||    45
       Headbutt          |     6 |    11 ||    17
       Tailslap          |     7 |    14 ||    21
       Punch             |     1 |     3 ||     4
 Cast: Beastly Appendage |    17 |    32 ||    49
  Use: Scroll            |     3 |     2 ||     5
       Potion            |     2 |     1 ||     3
Armor: Skin              |    30 |    40 ||    70
Dodge: Dodged            |    40 |    74 ||   114

Table legend: (Time is in decaauts)
 A = Elapsed time spent in this place.
 B = Non-inter-level travel time spent in this place.
 C = Inter-level travel time spent in this place.
 D = Time resting spent in this place.
 E = Time spent auto-exploring this place.
 F = Levels seen in this place.
 G = Mean time per level.
                   A        B        C        D        E       F      G
               +--------+--------+--------+--------+--------+-----+--------+
         Total |   2682 |   2643 |     39 |     13 |   2098 |   3 |  894.0 |
       Dungeon |   2682 |   2643 |     39 |     13 |   2098 |   3 |  894.0 |
               +--------+--------+--------+--------+--------+-----+--------+

Top non-repeatable levels by time:
     D:3: 1148 daAuts
     D:1: 851 daAuts
     D:2: 682 daAuts
